 Dungeon Crawl Stone Soup version 0.23.2-33-g5129a83184 (console) character file.

Game seed: 10837080863140773853

7651 jt the Brawler (level 10, -11/130 HPs)
             Began as a Troll Transmuter on July 22, 2019.
             Was a Believer of Uskayaw.
             Mangled by a yak (12 damage)
             ... on level 10 of the Dungeon.
             The game lasted 00:28:56 (9043 turns).

jt the Brawler (Troll Transmuter)                   Turns: 9043, Time: 00:28:57

Health: -11/130    AC:  6    Str: 26    XL:     10   Next: 99%
Magic:  10/10      EV: 10    Int: 11    God:    Uskayaw [**....]
Gold:   535        SH:  2    Dex: 12    Spells: 7/11 levels left

rFire    . . .     SeeInvis +     - Unarmed
rCold    . . .     Gourm    +   (no shield)
rNeg     . . .     Faith    .   b - +0 robe
rPois    .         Spirit   .   (helmet restricted)
rElec    .         Reflect  +   (no cloak)
rCorr    .         Harm     .   (gloves unavailable)
MR       .....                  (boots unavailable)
Stlth    ..........             w - +2 amulet of reflection
HPRegen  0.71/turn              t - ring of see invisible
MPRegen  0.12/turn              N - +2 ring of dexterity

@: berserking, very quick
A: large, unfitting armour, claws 3, fast metabolism 3, gourmand, regeneration
1, shaggy fur 1, tough skin 3
a: Stomp, Line Pass, Renounce Religion


You were on level 10 of the Dungeon.
You worshipped Uskayaw.
Uskayaw was noncommittal.
You were very full.

You visited 1 branch of the dungeon, and saw 11 of its levels.

You collected 535 gold pieces.

Inventory:

Hand Weapons
 g - a +2 short sword of protection
 m - a +2 whip of freezing
 o - a +0 hunting sling
 q - a +1 dagger of electrocution
 r - a +0 spear
 y - a cursed +0 vampiric dagger
 A - a +1 dagger of speed
 B - a +2 hunting sling of velocity
 C - a +2 hunting sling of freezing
 D - a +0 dire flail of holy wrath
 G - a +0 war axe of freezing
 J - a +1 flail of flaming
 K - a +2 mace of holy wrath
 M - a +0 antimagic short sword
Missiles
 a - 214 arrows
 e - 356 stones
 i - 52 poisoned needles
 l - 101 sling bullets
 n - 40 bolts
 s - 8 javelins (quivered)
 z - 4 tomahawks
 H - 7 curare-tipped needles
Armour
 b - a +0 robe (worn)
Jewellery
 t - a ring of see invisible (left claw)
 w - a +2 amulet of reflection (around neck)
 N - a +2 ring of dexterity (right claw)
Wands
 x - a wand of iceblast (11)
 L - a wand of acid (3)
 S - a wand of random effects (21)
Scrolls
 h - 4 scrolls of teleportation
 j - 9 scrolls of identify
 k - a scroll of amnesia
 u - 2 scrolls of blinking
 E - 2 scrolls of enchant weapon
 O - a scroll of fog
 R - a scroll of immolation
Potions
 f - 3 potions of curing
 p - a potion of magic
 v - a potion of heal wounds
 F - 2 potions of agility
 I - 2 potions of haste
 T - a potion of ambrosia {unknown}
Miscellaneous
 c - a lightning rod (1/4)
Comestibles
 d - 19 rations


   Skills:
 + Level 2.1 Fighting
 - Level 3.1 Throwing
 + Level 2.5 Dodging
 - Level 1.0 Stealth
 + Level 15.0 Unarmed Combat
 - Level 1.2 Spellcasting
 - Level 1.4 Transmutations
 + Level 2.0 Invocations
 + Level 1.6 Evocations


You had 7 spell levels left.
You knew the following spells:

 Your Spells              Type           Power        Failure   Level  Hunger
a - Beastly Appendage     Tmut           #.....       19%         1    ##.....
b - Sticks to Snakes      Tmut           #.......     26%         2    ###....
c - Confusing Touch       Hex            #.....       32%         1    ##.....

Your spell library contained the following spells:

 Spells                   Type           Power        Failure   Level  Hunger
 Animate Skeleton         Necr           N/A          32%         1    ##.....
 Apportation              Tloc           #.....       32%         1    ##.....
 Sting                    Conj/Pois      #...         32%         1    ##.....
 Summon Small Mammal      Summ           #...         32%         1    ##.....
 Spider Form              Tmut/Pois      #.........   56%         3    ####...
 Recall                   Summ/Tloc      N/A          67%         3    ####...
 Ice Form                 Ice/Tmut       #.......     93%         4    #####..
 Blade Hands              Tmut           #.........   99%         5    ######.
 Freezing Cloud           Conj/Ice/Air   #.........   100%        6    #######
 Disjunction              Tloc           #.........   100%        8    #######


Dungeon Overview and Level Annotations

Branches:
Dungeon (11/15)            Temple (0/1) D:5            Lair (0/6) D:10
    Orc: D:9-12

Altars:
Cheibriados
Dithmenos
Elyvilon
Gozag
Hepliaklqana
Qazlal
Ru
Sif Muna
Trog
Uskayaw
Vehumet
Xom
Yredelemnul
Zin

Shops:
D:5 =

Annotations:
D:5 exclusion: oklob sapling


Innate Abilities, Weirdness & Mutations

You are too large for most types of armour.
You have claws for hands.
Your metabolism is lightning-fast.
You like to eat raw meat.
Your natural rate of healing is unusually fast.
You are covered in fur. (AC +1)
You have extremely tough skin. (AC +3)


Message History

* * * LOW HITPOINT WARNING * * *
You can now pass through a line of other dancers.
You claw the two-headed ogre!
The two-headed ogre is severely wounded.
You claw the two-headed ogre! You claw the two-headed ogre.
The two-headed ogre is almost dead.
The yak barely misses you.
You barely miss the two-headed ogre.
The two-headed ogre is almost dead.
The two-headed ogre hits you with a +0 giant club!
* * * LOW HITPOINT WARNING * * *
The two-headed ogre hits you with a +0 giant spiked club!
* * * LOW HITPOINT WARNING * * *
You mangle the two-headed ogre!!
You kill the two-headed ogre!
Your Fighting skill increases to level 2!
Your Invocations skill increases to level 2!
The troll bites you but does no damage. The troll barely misses you. x2
The yak gores you!
You die...

##############..#
...............)########
........................
.###############........ .#
#...##### # .# #...# ## .# #...#
##. .# #YT.# ##.# .# #@..# ##.#.
.# #)..# ##.#.#
.###############<..# ##.#.##
...................########.#.##.
........................##.#.##.#
.......................##.#.##.#.
................########.#.##.#.#
................# ##.#.##.#.##
................# #...##.#.##.


You could see a yak and a troll.

Vanquished Creatures
  A two-headed ogre (D:10)
  An unseen horror (D:9)
  Joseph (D:8)
  A hornet (D:9)
  Grinder (D:5)
  2 hippogriffs
  Sigmund (D:5)
  A spriggan (D:7)
  A hungry ghost (D:9)
  6 yaks
  Edmund (D:5)
  A water moccasin (D:9)
  2 orc warriors
  A black bear (D:6)
  An ice beast (D:10)
  2 phantoms
  3 ogres
  9 centaurs
  2 big kobolds (D:7)
  6 bullfrogs
  2 scorpions
  A water moccasin skeleton (D:8)
  6 killer bees (D:9)
  3 wights (D:9)
  A howler monkey (D:7)
  2 crimson imps
  A bullfrog zombie (D:8)
  3 jellies
  A quasit (D:9)
  4 hounds
  7 orc wizards
  A centaur zombie (D:10)
  3 orc priests
  An iguana (D:4)
  8 worker ants
  A hound skeleton (D:7)
  3 worker ant zombies
  6 gnolls
  A howler monkey skeleton (D:10)
  10 adders
  3 shadow imps (D:5)
  An adder zombie (D:8)
  6 worms
  4 dart slugs
  8 leopard geckos
  30 orcs
  10 bats
  4 giant cockroaches
  17 goblins
  5 hobgoblins
  16 jackals
  4 quokkas
  2 ball pythons
  4 frilled lizards
  A giant cockroach zombie (D:5)
  20 kobolds
  12 rats
256 creatures vanquished.

Notes
Turn   | Place    | Note
-------+----------+-------------------------------------------
     0 | D:1      | jt the Troll Transmuter began the quest for the Orb.
     0 | D:1      | Reached XP level 1. HP: 18/18 MP: 1/1
   198 | D:1      | Reached XP level 2. HP: 18/26 MP: 2/2
   337 | D:2      | Reached skill level 4 in Unarmed Combat
   337 | D:2      | Reached XP level 3. HP: 18/32 MP: 3/3
   657 | D:1      | Reached XP level 4. HP: 38/40 MP: 4/4
   686 | D:1      | Reached skill level 5 in Unarmed Combat
  1694 | D:3      | Learned a level 2 spell: Sticks to Snakes
  1774 | D:3      | Reached XP level 5. HP: 46/46 MP: 5/5
  1915 | D:3      | Found a radiant altar of Vehumet.
  1923 | D:3      | Reached skill level 6 in Unarmed Combat
  2447 | D:3      | Found a hide-covered altar of Uskayaw.
  2447 | D:3      | Found a faded altar of an unknown god.
  2452 | D:3      | Found a faded altar of an unknown god.
  2454 | D:3      | Found a deep blue altar of Sif Muna.
  2455 | D:3      | Found a shimmering altar of Xom.
  2476 | D:3      | Became a worshipper of Uskayaw the Reveler
  2518 | D:3      | Reached * piety under Uskayaw
  2523 | D:3      | Reached ** piety under Uskayaw
  2666 | D:4      | Reached XP level 6. HP: 46/54 MP: 6/6
  2668 | D:4      | Reached *** piety under Uskayaw
  2672 | D:4      | Reached skill level 7 in Unarmed Combat
  2933 | D:5      | Entered Level 5 of the Dungeon
  3099 | D:4      | Noticed a moth of wrath
  3101 | D:4      | Found a bloodstained altar of Trog.
  3656 | D:5      | Noticed Edmund
  3667 | D:5      | Killed Edmund
  3721 | D:5      | Reached skill level 8 in Unarmed Combat
  3721 | D:5      | Reached XP level 7. HP: 58/61 MP: 7/7
  3734 | D:5      | Found a staircase to the Ecumenical Temple.
  3819 | D:5      | Found a basalt altar of Yredelemnul.
  3908 | D:5      | Noticed Grinder
  3916 | D:5      | Killed Grinder
  3930 | D:5      | Reached skill level 9 in Unarmed Combat
  4118 | D:4      | You fall through a shaft for 2 floors!
  4158 | D:5      | Noticed Sigmund
  4172 | D:5      | Killed Sigmund
  4172 | D:5      | Reached XP level 8. HP: 58/68 MP: 8/8
  4343 | D:5      | Found Anwet's Jewellery Shop.
  4580 | D:6      | Reached skill level 10 in Unarmed Combat
  4733 | D:6      | Found a stormy altar of Qazlal.
  5096 | D:7      | Reached skill level 11 in Unarmed Combat
  5123 | D:7      | Noticed a hippogriff
  5137 | D:7      | Killed a hippogriff
  5566 | D:7      | Reached XP level 9. HP: 42/75 MP: 7/9
  5703 | D:7      | Reached skill level 12 in Unarmed Combat
  5775 | D:7      | Reached **** piety under Uskayaw
  5913 | D:8      | Found a white marble altar of Elyvilon.
  5931 | D:8      | Noticed Joseph
  6446 | D:8      | Killed Joseph
  6446 | D:8      | Reached skill level 13 in Unarmed Combat
  6809 | D:8      | Found a sacrificial altar of Ru.
  6812 | D:9      | Noticed an unseen horror
  6816 | D:9      | Killed an unseen horror
  6825 | D:8      | Identified Sif Muna's Papyrus of the Destructive Traveller
  7010 | D:8      | Found an opulent altar of Gozag.
  7255 | D:9      | Learned a level 1 spell: Confusing Touch
  7345 | D:9      | Reached skill level 14 in Unarmed Combat
  7360 | D:9      | Reached skill level 1 in Throwing
  7379 | D:9      | Reached XP level 10. HP: 83/83 MP: 10/10
  7431 | D:9      | Paralysed by a hornet for 2 turns
  7756 | D:10     | Entered Level 10 of the Dungeon
  7788 | D:9      | Found a shadowy altar of Dithmenos.
  7827 | D:9      | Reached ***** piety under Uskayaw
  8008 | D:9      | Found a hazy altar of Hepliaklqana.
  8008 | D:9      | Found a snail-covered altar of Cheibriados.
  8227 | D:9      | Found a glowing silver altar of Zin.
  8505 | D:10     | Noticed a two-headed ogre
  8570 | D:11     | Reached skill level 1 in Fighting
  8579 | D:11     | Reached skill level 1 in Invocations
  8628 | D:11     | Noticed a purple ugly thing
  8765 | D:10     | Reached skill level 1 in Evocations
  9002 | D:10     | Found a staircase to the Lair.
  9018 | D:10     | Reached skill level 1 in Stealth
  9018 | D:10     | Reached skill level 15 in Unarmed Combat
  9042 | D:10     | HP: 1/130 [two-headed ogre/+0 giant club (16)]
  9043 | D:10     | Killed a two-headed ogre
  9043 | D:10     | Mangled by a yak

Skill      XL: |  1  2  3  4  5  6  7  8  9 10 |
---------------+-------------------------------+-----
Unarmed Combat | 4 5 6 8 9 11 14 15 | 15.0
Throwing       | 1 3 |  3.1
Fighting       | 2 |  2.1
Invocations    | 2 |  2.0
Dodging        | 2 |  2.5
Evocations     | 1 |  1.6
Stealth        | 1 |  1.0
Spellcasting   | |  1.2
Transmutations | |  1.4

Action                   |  1- 3 |  4- 6 |  7- 9 | 10-12 || total
-------------------------+-------+-------+-------+-------++-------
Melee: Unarmed           |    75 |   262 |   257 |   152 ||   746
       Punch             |     1 |     4 |     3 |     9 ||    17
 Fire: Hunting sling     |       |     4 |    26 |       ||    30
Throw: Javelin           |       |     4 |     8 |    13 ||    25
       Stone             |       |     2 |       |       ||     2
 Cast: Sticks to Snakes  |       |       |     2 |       ||     2
Invok: Line Pass         |       |       |     1 |       ||     1
Evoke: Wand              |       |       |     2 |       ||     2
       Lightning rod     |       |       |       |     4 ||     4
  Use: Scroll            |     1 |     5 |     9 |     4 ||    19
       Potion            |       |     2 |     5 |     3 ||    10
 Stab: Sleeping          |     1 |       |     1 |       ||     2
       Invisible         |       |     2 |       |       ||     2
       Paralysed         |       |     2 |     1 |     7 ||    10
  Eat: Chunk             |    11 |    29 |    34 |    20 ||    94
       Ration            |       |       |       |     1 ||     1
Armor: Robe              |    19 |    93 |    65 |    35 ||   212
Dodge: Dodged            |    30 |   134 |   106 |    63 ||   333
Block: Other             |       |     4 |    18 |    14 ||    36
       Reflection        |       |       |     1 |     1 ||     2
